 Dungeon Crawl Stone Soup version 0.28-a0-612-gcfc00ec14d (webtiles) character file.

Game seed: 7425585202355004523

2 sleeves the Chucker (level 1, -2/19 HPs)
             Began as a Naga Hunter on Oct 5, 2021.
             Slain by a quokka (3 damage)
             ... on level 1 of the Dungeon.
             The game lasted 00:00:31 (246 turns).

sleeves the Chucker (Naga Hunter)                    Turns: 246, Time: 00:00:32

Health: -2/19      AC:  1    Str: 14    XL:     1   Next: 40%
Magic:  1/1        EV:  9    Int: 11    God:
Gold:   25         SH:  0    Dex: 11    Spells: 0/0 levels left

rFire   . . .      SeeInvis +   a - +0 short sword
rCold   . . .      Faith    .   (no shield)
rNeg    . . .      Spirit   .   b - +0 leather armour
rPois   +          Reflect  .   (no helmet)
rElec   .          Harm     .   (no cloak)
rCorr   .          Rampage  .   (no gloves)
Will    .....                   (no barding)
Stlth   +.........              (no amulet)
HPRegen 0.06/turn               (no ring)
MPRegen 0.07/turn               (no ring)

@: very slow
A: AC +0, large, see invisible, deformed body, poison resistance, slowness 2,
spit poison 1, naga tail 1
a: Spit Poison


You were on level 1 of the Dungeon.
You visited 1 branch of the dungeon, and saw 1 of its levels.

You collected 25 gold pieces.

Inventory:

Hand Weapons
 a - a +0 short sword (weapon)
Missiles
 c - 6 javelins (quivered)
 d - 2 throwing nets
Armour
 b - a +0 leather armour (worn)


   Skills:
 - Level 2.0 Fighting
 + Level 3.7 Throwing
 - Level 1.5 Dodging
 - Level 1.5 Stealth


You couldn't memorise any spells.
You didn't know any spells.
Your spell library was empty.

Dungeon Overview and Level Annotations

Branches:
Dungeon (1/15)

Altars:


Innate Abilities, Weirdness & Mutations

Your serpentine skin is tough. (AC +0)
You have supernaturally acute eyesight. (SInv)
Armour fits poorly on your strangely shaped body.
Your system is resistant to poisons. (rPois)
You cover ground very slowly.
You can spit poison.
You have a snake-like lower body.


Message History

Welcome, sleeves the Naga Hunter.
Will you prevail where others failed? Will you find the Orb of Zot?
Press ? for a list of commands and other information.
Found an escape hatch in the floor.
Found a staircase leading out of the dungeon.
Found 4 boomerangs.
A bat comes into view.
A bat is nearby!
A bat is nearby!
Found a club.
The bat hits you but does no damage. The bat hits you.
The bat closely misses you.
You hit the bat.
The bat is moderately wounded.
The bat hits you. The bat hits you but does no damage. The bat hits you. x2
You hit the bat.
You kill the bat!
No target in view!
No target in view!
HP restored.
A bat comes into view.
Found a stone staircase leading down.
A bat is nearby!
A bat is nearby!
The bat closely misses you.
You miss the bat. The bat barely misses you.
A frilled lizard comes into view.
Found 13 gold pieces.
The bat hits you but does no damage. The bat completely misses you.
You hit the bat but do no damage. The bat hits you but does no damage.
A frilled lizard comes into view.
The frilled lizard hisses angrily.
The bat hits you but does no damage. The bat closely misses you.
You barely miss the bat. The bat hits you.
You closely miss the bat. The bat hits you but does no damage.
You hit the bat.
You kill the bat!
The frilled lizard barely misses you.
You see here a +0 club.
You hit the frilled lizard but do no damage.
The frilled lizard bites you.
You miss the frilled lizard. The frilled lizard bites you. x2
You miss the frilled lizard. The frilled lizard bites you.
You are too injured to fight recklessly!
You are too injured to fight recklessly!
Press: ? - help, Shift-Dir - straight line, f - frilled lizard
Aim: a frilled lizard The splash of poison hits the frilled lizard.
The frilled lizard is poisoned.
You kill the frilled lizard!
The frilled lizard bites you.
You miss the frilled lizard. The frilled lizard barely misses you.
You barely miss the frilled lizard. The frilled lizard barely misses you.
You hit the frilled lizard but do no damage.
The frilled lizard barely misses you.
You hit the frilled lizard.
You kill the frilled lizard!
You have got your breath back.
You start resting.
HP restored.
You see here a +0 club.
You now have 13 gold pieces.
You now have 25 gold pieces (gained 12).
A quokka comes into view.
Found a mace.
A quokka is nearby!
A quokka is nearby!
A quokka is nearby!
The quokka bites you. x2
You are too injured to fight recklessly!
You are too injured to fight recklessly!
You are too injured to fight recklessly!
You are too injured to fight recklessly!
Press: ? - help, Shift-Dir - straight line, f - quokka
Aim: a quokka The splash of poison misses the quokka.
The quokka bites you.
* * * LOW HITPOINT WARNING * * *
You barely miss the quokka. The quokka barely misses you. The quokka bites you.
* * * LOW HITPOINT WARNING * * *
You hit the quokka but do no damage.
You have got your breath back.
The quokka bites you.
* * * LOW HITPOINT WARNING * * *
You closely miss the quokka. The quokka bites you.
* * * LOW HITPOINT WARNING * * *
You barely miss the quokka. The quokka bites you.
* * * LOW HITPOINT WARNING * * *
The quokka closely misses you.
You closely miss the quokka. The quokka closely misses you.
You hit the quokka but do no damage. The quokka bites you.
* * * LOW HITPOINT WARNING * * *
You closely miss the quokka. The quokka bites you.
You die...

.## ..#####
......#
..###.########
..##.........###
..##...........#
...#.........#.###
†..#.........+...#
#............#.#@#
#.†............#r#
..)..........#.#.#
...............#)#
.....######....#.#
.....# #^...#.#
....>.. # ...#.#
...###.# #.# ...#
.#


You could see a quokka.

Vanquished Creatures
  2 bats (D:1)
  2 frilled lizards (D:1)
4 creatures vanquished.

Notes
Turn   | Place    | Note
-------+----------+-------------------------------------------
     0 | D:1      | sleeves the Naga Hunter began the quest for the Orb.
     0 | D:1      | Reached XP level 1. HP: 19/19 MP: 1/1
   239 | D:1      | HP: 9/19 [quokka (2)]
   243 | D:1      | HP: 4/19 [quokka (1)]
   245 | D:1      | HP: 1/19 [quokka (4)]
   246 | D:1      | Slain by a quokka

Illustrated notes

Levels and vault maps discovered:
D:1:      wander_arrival_desolate, layout_basic, minmay_quantized

Action                   || total
-------------------------++-------
Melee: Short sword       ||    21
 Abil: Spit Poison       ||     2
Armor: Leather armour    ||     6
Dodge: Dodged            ||    12

Table legend: (Time is in decaauts)
 A = Elapsed time spent in this place.
 B = Non-inter-level travel time spent in this place.
 C = Inter-level travel time spent in this place.
 D = Time resting spent in this place.
 E = Time spent auto-exploring this place.
 F = Levels seen in this place.
 G = Mean time per level.
                   A        B        C        D        E       F      G
               +--------+--------+--------+--------+--------+-----+--------+
         Total |    267 |    267 |      0 |    127 |     95 |   1 |  267.0 |
       Dungeon |    267 |    267 |      0 |    127 |     95 |   1 |  267.0 |
               +--------+--------+--------+--------+--------+-----+--------+

Top non-repeatable levels by time:
     D:1: 267 daAuts
